 Dungeon Crawl Stone Soup version 0.21-a0-278-ga722497 (webtiles) character file.

3641 Kidiri the Thaumaturge (level 9, -1/51 HPs)
             Began as a Deep Elf Fire Elementalist on Sept 20, 2017.
             Was a Follower of Vehumet.
             Shot with a sling bullet by Joseph (10 damage)
             ... on level 8 of the Dungeon.
             The game lasted 00:48:49 (9082 turns).

Kidiri the Thaumaturge (Deep Elf Fire Elementalist) Turns: 9082, Time: 00:48:50

Health: -1/51      AC:  8    Str:  5    XL:     9   Next: 88%
Magic:  20/34      EV: 15    Int: 24    God:    Vehumet [*.....]
Gold:   262        SH:  0    Dex: 15    Spells: 11/29 levels left

rFire    . . .     SeeInvis .   e - +3 dagger (elec)
rCold    . . .     Gourm    .   (no shield)
rNeg     . . .     Faith    .   a - +0 robe
rPois    .         Spirit   .   f - +2 hat
rElec    .         Reflect  .   v - +0 cloak
rCorr    .         Harm     .   u - +0 pair of gloves
MR       .....                  k - +1 pair of boots
Stlth    ++........             (no amulet)
HPRegen  0.17/turn              y - ring of wizardry
MPRegen  0.24/turn              o - ring of magical power

@: no status effects
A: no striking features
a: Renounce Religion


You were on level 8 of the Dungeon.
You worshipped Vehumet.
Vehumet was aware of your devotion.
You were not hungry.

You visited 2 branches of the dungeon, and saw 9 of its levels.

You collected 449 gold pieces.
You spent 187 gold pieces at shops.

Inventory:

Hand Weapons
 e - a +3 dagger of electrocution (weapon)
Missiles
 q - 2 throwing nets (quivered)
Armour
 a - a +0 robe (worn)
 f - a +2 hat (worn)
 k - a +1 pair of boots (worn)
 u - a +0 pair of gloves (worn)
 v - a +0 cloak (worn)
 F - a +0 shield
Jewellery
 g - an uncursed ring of protection from cold
 o - a ring of magical power (right hand)
 y - a ring of wizardry (left hand)
Wands
 G - a wand of disintegration (18/24)
 J - a wand of scattershot (6/9)
Scrolls
 h - 4 scrolls of remove curse
 i - a scroll of recharging
 l - 2 scrolls of teleportation
 L - a scroll of magic mapping
Potions
 j - 5 potions of agility
 n - 3 potions of curing
 p - 2 potions of cancellation
 r - 2 potions of haste
 s - 3 potions of brilliance {unknown}
 t - a potion of resistance
 w - a potion of heal wounds
 x - a potion of flight {unknown}
 z - a potion of mutation {unknown}
 A - 2 potions of lignification {unknown}
 B - 3 potions of might
 K - 2 potions of magic {unknown}
Books
 b - a book of Flames

   Spells                             Type                      Level
   a - Flame Tongue                   Conjuration/Fire             1
   b - Throw Flame                    Conjuration/Fire             2
   c - Conjure Flame                  Conjuration/Fire             3
   d - Inner Flame                    Hexes/Fire                   3
   e - Sticky Flame                   Conjuration/Fire             4
   f - Fireball                       Conjuration/Fire             5
Comestibles
 c - 6 bread rations
 d - 7 meat rations
 m - 4 royal jellies


   Skills:
 + Level 3.2 Fighting
 + Level 4.1 Short Blades
 + Level 3.4 Armour
 + Level 5.6 Dodging
 - Level 2.4 Stealth
 * Level 10.7 Spellcasting
 + Level 5.8 Conjurations
 + Level 7.1 Fire Magic


You had 11 spell levels left.
You knew the following spells:

 Your Spells              Type           Power        Failure   Level  Hunger
a - Flame Tongue          Conj/Fire      #####        1%          1    None
b - Throw Flame           Conj/Fire      #####.       1%          2    None
c - Conjure Flame         Conj/Fire      #####...     1%          3    None
d - Inner Flame           Hex/Fire       ####....     1%          3    None
e - Sticky Flame          Conj/Fire      #####...     1%          4    None
f - Fireball              Conj/Fire      #####.....   4%          5    ####...


Dungeon Overview and Level Annotations

Branches:
Dungeon (8/15)             Temple (1/1) D:6
   Lair: D:8-11

Altars:
Ashenzari
Cheibriados
Dithmenos
Elyvilon
Fedhas
Gozag
Hepliaklqana
Kikubaaqudgha
Makhleb
Nemelex Xobeh
Okawaru
Qazlal
Ru
Sif Muna
Trog
Uskayaw
Vehumet
Wu Jian
Xom
Yredelemnul
Zin
The Shining One

Shops:
D:6 *

Annotations:
D:8 Joseph


Message History

Aim: Joseph, wielding a quarterstaff of protection and wearing a leather armour (heavily wounded, covered in liquid flames)
The flame tongue hits Joseph.
Joseph appears unharmed.
Joseph is heavily wounded.
Joseph burns!
Joseph hits you with an uncursed quarterstaff of protection.
Casting: Flame Tongue
Confirm with . or Enter, or press ? or * to list all spells.
Aiming: Flame Tongue
Press: ? - help, Shift-Dir - straight line, f/p - Joseph
Aim: Joseph, wielding a quarterstaff of protection and wearing a leather armour (heavily wounded, covered in liquid flames)
The flame tongue hits Joseph.
Joseph appears unharmed.
Joseph is heavily wounded.
Joseph burns!
Joseph stops burning.
Joseph hits you with an uncursed quarterstaff of protection!
* * * LOW HITPOINT WARNING * * *
Unknown command.
Joseph unwields an uncursed quarterstaff of protection.
Joseph wields an uncursed hunting sling.
Joseph shoots a sling bullet.
The sling bullet hits you!
You die...

###.##.###
.........######
.#
#..###.#.##...#
.# ..
#.#......# .# #
#.####...# .#
.. #.# ##.## .#
## #.# #.# .#
#.#
#.#####@####.#
#.#
#...(@........
#.#
#####.†......#
######.#
#†........
.......#
#.......##
#.######
#.....[... #.#
#.......#. #.#
#......... #.#
#......)## #.#
##...#...


You could see Joseph.

Vanquished Creatures
  Pikel (D:6)
  Grinder (D:4)
  A hippogriff (D:7)
  A spriggan (D:7)
  A yak (D:5)
  Grum (D:8)
  An ice beast (D:5)
  A sky beast (D:5)
  A black bear (D:4)
  4 slaves (D:6)
  2 phantoms
  3 ogres
  3 wolves (D:8)
  A big kobold (D:8)
  2 scorpions
  An electric eel (D:6)
  2 howler monkeys (D:8)
  A crimson imp (D:7)
  A bullfrog zombie (D:7)
  5 hounds
  Crazy Yiuf (D:4)
  2 jellies (D:5)
  4 orc priests
  6 orc wizards
  2 iguanas
  5 worker ants
  3 hound skeletons
  A worker ant zombie (D:5)
  7 gnolls
  11 adders
  2 shadow imps
  3 oozes
  2 worms
  3 dart slugs
  6 leopard geckos
  37 orcs
  9 bats
  7 giant cockroaches
  4 goblins
  5 hobgoblins
  12 jackals
  11 kobolds
  2 quokkas (D:5)
  8 frilled lizards
  A leopard gecko skeleton (D:5)
  6 rats
194 creatures vanquished.

Vanquished Creatures (others)
  A hound (D:6)
  4 orcs (D:6)
5 creatures vanquished.

Grand Total: 199 creatures vanquished

Notes
Turn   | Place    | Note
-------+----------+-------------------------------------------
     0 | D:1      | Kidiri the Deep Elf Fire Elementalist began the quest for the Orb.
     0 | D:1      | Reached XP level 1. HP: 10/10 MP: 6/6
   262 | D:1      | Reached XP level 2. HP: 15/15 MP: 5/8
   267 | D:1      | Learned a level 2 spell: Throw Flame
  1365 | D:2      | Found a faded altar of an unknown god.
  1368 | D:2      | Reached XP level 3. HP: 19/19 MP: 10/10
  1374 | D:2      | Learned a level 3 spell: Conjure Flame
  1378 | D:2      | Learned a level 3 spell: Inner Flame
  1454 | D:2      | Reached skill level 4 in Spellcasting
  1758 | D:2      | Found a white marble altar of Elyvilon.
  1758 | D:2      | Found a hide-covered altar of Uskayaw.
  2004 | D:2      | Reached XP level 4. HP: 24/24 MP: 5/12
  2487 | D:3      | Reached skill level 5 in Spellcasting
  2503 | D:3      | Reached XP level 5. HP: 27/28 MP: 4/14
  2525 | D:3      | Learned a level 4 spell: Sticky Flame
  2654 | D:3      | Found an opulent altar of Gozag.
  3363 | D:4      | Reached skill level 6 in Spellcasting
  3363 | D:4      | Reached XP level 6. HP: 31/32 MP: 11/17
  3406 | D:4      | Reached skill level 5 in Fire Magic
  3532 | D:4      | Learned a level 5 spell: Fireball
  3703 | D:4      | Noticed Grinder
  3710 | D:4      | Paralysed by Grinder for 2 turns
  3712 | D:4      | Killed Grinder
  3712 | D:4      | Reached skill level 1 in Short Blades
  3712 | D:4      | Reached skill level 7 in Spellcasting
  3712 | D:4      | Reached XP level 7. HP: 17/37 MP: 6/19
  3805 | D:4      | Reached skill level 1 in Fighting
  4100 | D:4      | Reached skill level 1 in Armour
  4553 | D:4      | Found a runed door.
  4844 | D:4      | Noticed Crazy Yiuf
  4847 | D:4      | Killed Crazy Yiuf
  4973 | D:5      | Entered Level 5 of the Dungeon
  5224 | D:5      | Reached XP level 8. HP: 43/43 MP: 13/21
  5284 | D:5      | Reached skill level 8 in Spellcasting
  6035 | D:5      | Reached skill level 9 in Spellcasting
  6466 | D:5      | Found a shimmering altar of Xom.
  7045 | D:6      | Found a staircase to the Ecumenical Temple.
  7046 | D:6      | Noticed Pikel
  7073 | D:6      | Killed Pikel
  7073 | D:6      | Reached skill level 5 in Conjurations
  7073 | D:6      | Reached XP level 9. HP: 18/49 MP: 22/24
  7416 | Temple   | Entered the Ecumenical Temple
  7572 | Temple   | Became a worshipper of Vehumet
  7661 | D:6      | Found Neniek's General Store.
  8218 | D:7      | Reached skill level 5 in Dodging
  8218 | D:7      | Reached skill level 10 in Spellcasting
  8743 | D:6      | Bought 2 potions of agility for 88 gold pieces
  8743 | D:6      | Bought a scroll of identify for 22 gold pieces
  8743 | D:6      | Bought a potion of might for 44 gold pieces
  8743 | D:6      | Bought a scroll of teleportation for 33 gold pieces
  9004 | D:8      | Reached * piety under Vehumet
  9004 | D:8      | Offered knowledge of Magic Dart by Vehumet.
  9027 | D:8      | Noticed Grum
  9039 | D:8      | Killed Grum
  9071 | D:8      | Noticed Joseph
  9082 | D:8      | Shot with a sling bullet by Joseph

Vault maps used:
D:1:      sevenhm_arrival_forest_fort_small_5
D:2:      gammafunk_temple_overflow_statue, chequers_ecumenical_altar_simple,
          minmay_tromino_v4_b
D:3:      nicolae_gozag_cash_rules_everything_around_me
D:4:      uniq_grinder, uniq_crazy_yiuf_cottage
D:5:      minmay_thick_lines, first_bread, basic_altar
D:6:      minmay_temple_entry_mist, serial_shops, nicolae_shop_trees,
          fountainhead, uniq_pikel
D:7:      serial_park_tiny_1, the_bakery
D:8:      lair_entry_dummy, uniq_joseph, uniq_grum
Temple:   regret_index_temple_chain_breaker

Skill      XL: |  1  2  3  4  5  6  7  8  9 |
---------------+----------------------------+-----
Spellcasting   | 4 5 6 7 9 10 | 10.7
Fire Magic     | 4 5 6 7 |  7.1
Conjurations   | 2 3 4 5 |  5.8
Short Blades   | 1 2 3 4 |  4.1
Fighting       | 1 2 3 |  3.2
Armour         | 1 2 3 |  3.4
Dodging        | 3 4 5 |  5.6
Stealth        | |  2.4

Action                   |  1- 3 |  4- 6 |  7- 9 || total
-------------------------+-------+-------+-------++-------
Melee: Unarmed           |     3 |       |       ||     3
       Dagger            |    22 |     2 |    59 ||    83
 Cast: Flame Tongue      |    53 |    67 |   182 ||   302
       Throw Flame       |    10 |    18 |    34 ||    62
       Sticky Flame      |       |     3 |    36 ||    39
       Conjure Flame     |       |     1 |     6 ||     7
       Inner Flame       |       |     1 |     2 ||     3
  Use: Scroll            |       |     6 |     8 ||    14
 Stab: Sleeping          |     4 |     1 |     1 ||     6
  Eat: Chunk             |     3 |     6 |    14 ||    23
       Fruit             |       |       |     4 ||     4
Armor: Robe              |    12 |     4 |    37 ||    53
Dodge: Dodged            |    39 |    15 |   118 ||   172

Table legend:
 A = Spawn XP
 B = Non-spawn XP
 C = Spawn XP percentage of total XP
 D = Spawn monster count
 E = Non-spawn monster count
 F = Spawn count percentage of total count
 G = Total turns spent on level
                    A         B        C        D         E        F      G
               +---------+---------+-------+---------+---------+-------+---------
         Total |       0 |    5202 |   0.0 |       0 |     190 |   0.0 |  9082
               +---------+---------+-------+---------+---------+-------+---------
           D:1 |       0 |      39 |   0.0 |       0 |      22 |   0.0 |  1452
           D:2 |       0 |      72 |   0.0 |       0 |      22 |   0.0 |   989
           D:3 |       0 |     170 |   0.0 |       0 |      32 |   0.0 |   838
           D:4 |       0 |    1003 |   0.0 |       0 |      26 |   0.0 |  1809
           D:5 |       0 |    1176 |   0.0 |       0 |      36 |   0.0 |  1695
           D:6 |       0 |     874 |   0.0 |       0 |      16 |   0.0 |   934
           D:7 |       0 |     946 |   0.0 |       0 |      21 |   0.0 |   883
           D:8 |       0 |     922 |   0.0 |       0 |      15 |   0.0 |   310
               +---------+---------+-------+---------+---------+-------+---------
